 Dungeon Crawl Stone Soup version 0.32-a0-799-g95e1662365 (webtiles) character file.

Game seed: 15957051693932592714

9403 dialectric the Fighter (level 11, -1/73 HPs)
             Began as a Gargoyle Fighter on Mar 21, 2024.
             Slain by a white ugly thing (24 damage)
             ... on level 11 of the Dungeon.
             The game lasted 00:12:01 (10447 turns).

dialectric the Fighter (Gargoyle Fighter)          Turns: 10447, Time: 00:12:02

Health: -1/73      AC: 27    Str: 25    XL:     11   Next: 46%
Magic:  11/11      EV: 13    Int:  8    God:
Gold:   893        SH:  0    Dex: 15    Spells: 10/10 levels left

rFire   + . .        V - +2 flail (heavy)
rCold   . . .        (no shield)
rNeg    + + .        P - +0 acid dragon scales
rPois   ∞            (no helmet)
rElec   +            F - +0 cloak
rCorr   +            A - +2 pair of gloves
SInv    .            J - +0 pair of boots
Will    ++++.        p - amulet of the Four Winds {rN+ Will+++ Clar}
Stlth   +            x - +6 ring of dexterity
HPRegen 0.32/turn    h - ring of Deogaare {rF+ Will+ AC+4 Slay+3}
MPRegen 0.12/turn

%: clarity
@: studying Long Blades
A: sickness immunity, AC +8, negative energy resistance 1, electricity
resistance, torment resistance 1, petrification resistance
a: no special abilities


You were on level 11 of the Dungeon.
You visited 1 branch of the dungeon, and saw 13 of its levels.

You collected 907 gold pieces.
You spent 14 gold pieces at shops.

Inventory:

Hand Weapons
 u - a +0 heavy flail
 V - a +2 heavy flail (weapon)
Missiles
 K - 3 throwing nets (quivered)
Armour
 c - a +1 buckler
 v - a +0 chain mail
 A - a +2 pair of gloves (worn)
 F - a +0 cloak (worn)
 J - a +0 pair of boots (worn)
 L - a +0 kite shield
 N - +0 steam dragon scales
 O - a +0 plate armour
 P - +0 acid dragon scales (worn)
Jewellery
 h - the ring of Deogaare (right hand) {rF+ Will+ AC+4 Slay+3}
   (You found it on level 8 of the Dungeon)

   [ring of protection]

   AC+4:      It affects your AC (+4).
   Slay+3:    It affects your accuracy & damage with ranged weapons and melee
   (+3).
   rF+:       It protects you from fire.
   Will+:     It increases your willpower.
 p - the amulet of the Four Winds (around neck) {rN+ Will+++ Clar}
   (You found it on level 4 of the Dungeon)

   [amulet of nothing]

   rN+:       It protects you from negative energy.
   Will+++:   It greatly increases your willpower.
   Clar:      It protects you from confusion, rage, mesmerisation and fear.
 x - a +6 ring of dexterity (left hand)
 R - a +5 ring of evasion
 S - a +5 ring of evasion
Wands
 d - a wand of acid (4)
 z - a wand of polymorph (9)
 C - a wand of paralysis (14)
 T - a wand of iceblast (5)
Scrolls
 b - a scroll of butterflies {unknown}
 e - 2 scrolls of poison {unknown}
 f - 2 scrolls of silence {unknown}
 g - a scroll of teleportation
 i - a scroll of immolation {unknown}
 n - a scroll of enchant armour
 r - 2 scrolls of enchant weapon {unknown}
 w - a scroll of fog {unknown}
 y - 2 scrolls of blinking {unknown}
 B - 2 scrolls of vulnerability {unknown}
 E - a scroll of fear {unknown}
 G - 2 scrolls of brand weapon {unknown}
 I - a scroll of revelation {unknown}
Potions
 j - a potion of mutation {unknown}
 k - 2 potions of enlightenment
 l - 2 potions of attraction
 o - a potion of haste {unknown}
 q - 2 potions of curing
 s - a potion of resistance
 t - 2 potions of berserk rage
 D - a potion of magic
 H - a potion of lignification {unknown}
 M - a potion of degeneration {unknown}
 Q - a potion of invisibility {unknown}
 U - a potion of ambrosia {unknown}


   Skills:
 + Level 10.4 Fighting
 + Level 9.3 Maces & Flails
 + Level 10.4 Armour
 - Level 6.2 Dodging
 - Level 5.1 Shields


You had 10 spell levels left.
You didn't know any spells.
Your spell library contained the following spells:

 Spells                   Type           Power      Damage    Failure   Level
 Mercury Vapours          Alch/Air       0%         N/A       61%         2
 Mephitic Cloud           Conj/Alch/Air  0%         N/A       83%         3
 Leda's Liquefaction      Alch/Erth      0%         N/A       99%         4
 Petrify                  Alch/Erth      0%         N/A       99%         4
 Freezing Cloud           Conj/Ice/Air   0%         6-21      100%        5
 Metabolic Englaciation   Hex/Ice        0%         N/A       100%        5


Dungeon Overview and Level Annotations

Branches:
Dungeon (13/15)            Temple (0/1) D:5             Orc (0/2) D:12
   Lair: D:8-11      Vaults: D:13-14

Altars:
Cheibriados
Elyvilon
Fedhas
Hepliaklqana
Kikubaaqudgha
Makhleb
Nemelex Xobeh
Sif Muna
Uskayaw
Vehumet
Xom
Yredelemnul

Shops:
D:2 *   D:4 *   D:6 [   D:9 [


Innate Abilities, Weirdness & Mutations

You are immune to sickness and miasma.
Your stone body is resilient. (AC +8)
You are immune to poison.
You resist negative energy. (rN+)
You are resistant to electric shocks. (rElec)
You are resistant to unholy torment.
You are immune to petrification.


Message History

No target in view!
No target in view!
Things that are here:
a +0 club; a +0 scale mail; an orc corpse An orc comes into view.
It is wielding a +0 dagger.
Found a glaive.
The orc shouts!
You hear a shout!
A white ugly thing comes into view.
You hear a shout!
There are monsters nearby!
There are monsters nearby!
An orc wizard comes into view. It is wielding a +0 dagger.
The white ugly thing gurgles horribly!
You hear a shout! x2; You hear a roar!
A kobold comes into view. It is wielding a +0 short sword.
You hear a shout! x3
The orc misses you.
You closely miss the orc. The orc hits you but does no damage.
You barely miss the white ugly thing.
The white ugly thing tail-slaps you but does no damage.
You closely miss the white ugly thing.
The white ugly thing tail-slaps you but does no damage.
You closely miss the white ugly thing. The white ugly thing tail-slaps you!
The white ugly thing freezes you!! The white ugly thing barely misses you.
You are too injured to fight recklessly!
You are too injured to fight recklessly!
You are too injured to fight recklessly!
You are too injured to fight recklessly!
You are too injured to fight recklessly!
You are too injured to fight recklessly!
You are too injured to fight recklessly!
You are too injured to fight recklessly!
Unknown command.
The white ugly thing attacks as it pursues you!
The white ugly thing tail-slaps you! The white ugly thing freezes you!!
* * * LOW HITPOINT WARNING * * *
Okay, then.
Okay, then.
You feel much better. The white ugly thing tail-slaps you.
The white ugly thing freezes you!!
You die...

#.......###...##
##..###.........
#..............
##...##.........
#)......###...##
#)##.#### #...#
# #.##.# #...#
#...######.##.#
#...#
...)Koou@....#.
####.###
##.#######.##.#
#....... ..# #
#.##.##.
#########.##.##.
#......#.##....
#.####.#.......
#.####.#..##...
#.#............
#.#.##.##.#####


You could see a white ugly thing, an orc wizard, an orc and a kobold.

Vanquished Creatures
  Erolcha (D:9)
  An ugly thing (D:9)
  A manticore (D:11)
  An elephant (D:11)
  A gargoyle (D:13)
  2 trolls
  A shadow (D:12)
  2 wraiths
  2 wyverns
  A fire bat (D:9)
  6 yaks (D:8)
  A human (D:8)
  A warg (D:12)
  2 steam dragons
  2 hogs (D:8)
  4 vampire mosquitoes
  An acid dragon (D:12)
  A water moccasin (D:6)
  A hell hound (D:9)
  3 orc warriors
  3 sky beasts
  3 ice beasts
  4 ogres
  A crocodile (D:4)
  3 centaurs
  2 phantoms (D:5)
  2 kobold brigands
  3 bullfrogs
  A gnoll sergeant (D:9)
  4 scorpions
  A wyvern zombie (D:5)
  7 killer bees
  A howler monkey (D:9)
  A centaur zombie (D:5)
  A bombardier beetle (D:5)
  A human zombie (D:5)
  A jelly (D:7)
  2 hounds
  9 orc priests
  A gnoll bouda (D:5)
  2 sleepcaps
  2 iguanas (D:6)
  Terence (D:3)
  5 orc wizards
  A scorpion zombie (D:5)
  A hell rat (D:12)
  2 hound zombies (D:5)
  3 howler monkey zombies (D:5)
  10 gnolls
  11 adders
  3 shadow imps
  A white imp (D:6)
  3 ribbon worms
  A dart slug (D:1)
  24 orcs
  7 endoplasms
  4 giant cockroaches
  5 goblins
  4 hobgoblins
  5 quokkas
  3 ball pythons
  7 bats
  11 frilled lizards
  13 kobolds
  9 rats
224 creatures vanquished.

Vanquished Creatures (others)
  3 kobolds (D:9)
3 creatures vanquished.

Grand Total: 227 creatures vanquished

Notes
Turn   | Place    | Note
-------+----------+-------------------------------------------
     0 | D:1      | dialectric the Gargoyle Fighter began the quest for the
                  | Orb.
     0 | D:1      | Reached XP level 1. HP: 14/14 MP: 1/1
   153 | D:1      | Reached XP level 2. HP: 14/19 MP: 2/2
   996 | D:2      | Reached XP level 3. HP: 22/23 MP: 3/3
  1189 | D:2      | Found Vuppeeq's Assorted Antiques.
  1192 | D:2      | Bought a metallic dark potion for 14 gold pieces
  1232 | D:2      | Reached XP level 4. HP: 29/29 MP: 4/4
  1513 | D:3      | Noticed Terence
  1527 | D:3      | Killed Terence
  2087 | D:3      | Found a faded altar of an unknown god.
  2177 | D:4      | Reached XP level 5. HP: 26/33 MP: 5/5
  2281 | D:4      | Found the amulet of the Four Winds {rN+ Will+++ Clar}
  2384 | D:4      | Noticed a crocodile
  2398 | D:4      | Killed a crocodile
  2399 | D:4      | Reached XP level 6. HP: 22/39 MP: 6/6
  2482 | D:4      | Found a hazy altar of Hepliaklqana.
  2525 | D:5      | Entered Level 5 of the Dungeon
  2784 | D:4      | Found Muun's Assorted Antiques.
  2832 | D:4      | Reached skill level 5 in Fighting
  3068 | D:4      | Found a snail-covered altar of Cheibriados.
  3068 | D:4      | Found a burning altar of Makhleb.
  3149 | D:4      | Found a white marble altar of Elyvilon.
  3268 | D:5      | Reached skill level 5 in Armour
  3268 | D:5      | Reached skill level 5 in Shields
  3268 | D:5      | Reached XP level 7. HP: 21/44 MP: 7/7
  3492 | D:5      | Found a staircase to the Ecumenical Temple.
  3732 | D:5      | Found a sparkling altar of Nemelex Xobeh.
  3783 | D:5      | Reached skill level 1 in Dodging
  3950 | D:5      | Noticed a +0 hand axe
  4021 | D:5      | Reached XP level 8. HP: 27/51 MP: 8/8
  4146 | D:5      | Reached skill level 5 in Maces & Flails
  4166 | D:5      | Noticed a +0 hand axe
  4167 | D:5      | Found a hide-covered altar of Uskayaw.
  4622 | D:5      | Found an ancient bone altar of Kikubaaqudgha.
  4688 | D:6      | Found a basalt altar of Yredelemnul.
  5013 | D:6      | Reached XP level 9. HP: 55/56 MP: 9/9
  5027 | D:6      | Found Kyetin's Antique Armour Emporium.
  6305 | D:7      | Found a flagged portal.
  6510 | D:8      | Found a shimmering blue altar of Sif Muna.
  6628 | D:8      | Found a blossoming altar of Fedhas.
  6708 | D:8      | Identified the ring of Deogaare {rF+ Will+ AC+4 Slay+3}
  6756 | D:8      | Reached XP level 10. HP: 57/64 MP: 10/10
  6800 | D:8      | Reached skill level 5 in Dodging
  7366 | D:9      | Noticed Erolcha
  7372 | D:9      | Killed Erolcha
  7474 | D:9      | Found Hotifos's Antique Armour Emporium.
  7475 | D:9      | Noticed a green ugly thing
  7502 | D:9      | Killed a green ugly thing
  7895 | D:9      | Found a radiant altar of Vehumet.
  8000 | D:9      | Found a shimmering altar of Xom.
  8017 | D:9      | Reached XP level 11. HP: 52/71 MP: 11/11
  8229 | D:10     | Entered Level 10 of the Dungeon
  8827 | D:11     | Noticed a manticore
  8834 | D:11     | Killed a manticore
  8950 | D:11     | Noticed a skeletal warrior
  8954 | D:11     | Noticed a skeletal warrior
  9019 | D:11     | Noticed a skeletal warrior
  9176 | D:12     | Found a staircase to the Orcish Mines.
  9191 | D:12     | Reached skill level 10 in Fighting
  9414 | D:13     | Reached skill level 10 in Armour
 10191 | D:12     | Noticed a necromancer
 10191 | D:12     | Noticed a death yak
 10438 | D:11     | Noticed a white ugly thing
 10446 | D:11     | HP: 2/73 [white ugly thing (20)]
 10447 | D:11     | Slain by a white ugly thing

Illustrated notes

Levels and vault maps discovered:
D:1:      evilmike_arrival_hilbert_curve, layout_loops_ring, minmay_ruptured
D:2:      layout_basic, serial_shops, nicolae_shop_real_fake_doors
D:3:      layout_basic, dilly_ecumenical_altar_fadedgnrine, uniq_terence
D:4:      layout_basic, worldfamousw_hep_ancestral_shrine,
          nicolae_elyvilon_temple_path, nicolae_overflow_two_pavilions,
          serial_shops, nicolae_shop_rolling_square, minmay_lizard_king
D:5:      layout_basic, lemuel_mausoleum_altar_kikubaaqudgha,
          dancing_weapons_uskayaw, mainiacjoe_overflow_paths,
          minmay_temple_entry_trees
D:6:      layout_gridville, yredelemnul_altar_generic, serial_shops,
          nicolae_shop_overgrown_old_shop, eino_tiny_chamber, minivault_4,
          minmay_circle_x
D:7:      layout_loops_cross, enter_bailey_2, minmay_manual_monstrance
D:8:      layout_rooms, fedhas_altar_3, led_sif_book, grunt_livestock
D:9:      layout_rooms, fiery_altar_vehumet, regret_index_xom_of_box,
          kennysheep_windowed_goal, uniq_erolcha
D:10:     layout_gridville, dpeg_lair_monsters
D:11:     layout_loops_cross, minmay_diced_spiral
D:12:     layout_irregular_city, erik_orc_4, drop_trap, st_stairs_8,
          eino_house_with_fridge
D:13:     layout_basic, hellmonk_vaults_order_and_chaos,
          gammafunk_ghost_nasty_kobolds, the_hattery, uniq_azrael, uniq_snorg

Skill      XL: |  1  2  3  4  5  6  7  8  9 10 11 |
---------------+----------------------------------+-----
Fighting       | 4 5 6 8 9 10 | 10.4
Armour         | 4 5 6 8 9 10 | 10.4
Shields        | 4 5 |  5.1
Maces & Flails | 3 4 5 7 8 9 |  9.3
Dodging        | 1 3 4 6 |  6.2

Action                     |  1- 3 |  4- 6 |  7- 9 | 10-12 || total
---------------------------+-------+-------+-------+-------++-------
  Melee: Flail             |   106 |   158 |   268 |   238 ||   770
    Use: Potion            |       |     4 |     2 |     4 ||    10
         Scroll            |       |       |     5 |     5 ||    10
   Stab: Sleeping          |       |       |       |     1 ||     1
 Armour: Scale mail        |    89 |   126 |       |       ||   215
         Chain mail        |       |     4 |   425 |    87 ||   516
         Steam dragon scal |       |       |       |   208 ||   208
         Acid dragon scale |       |       |       |    63 ||    63
  Dodge: Dodged            |    47 |    77 |   226 |   232 ||   582

Table legend: (Time is in decaauts)
 A = Elapsed time spent in this place.
 B = Non-inter-level travel time spent in this place.
 C = Inter-level travel time spent in this place.
 D = Time resting spent in this place.
 E = Time spent auto-exploring this place.
 F = Levels seen in this place.
 G = Mean time per level.
                   A        B        C        D        E       F      G
               +--------+--------+--------+--------+--------+-----+--------+
         Total |  10832 |  10596 |    236 |   1213 |   6971 |  13 |  833.2 |
       Dungeon |  10832 |  10596 |    236 |   1213 |   6971 |  13 |  833.2 |
               +--------+--------+--------+--------+--------+-----+--------+

Top non-repeatable levels by time:
     D:5: 1499 daAuts
     D:4: 1117 daAuts
     D:6: 1008 daAuts
     D:8: 969 daAuts
     D:1: 944 daAuts
     D:7: 891 daAuts
    D:12: 883 daAuts
     D:9: 864 daAuts
    D:11: 788 daAuts
     D:3: 672 daAuts
     D:2: 590 daAuts
    D:10: 391 daAuts
    D:13: 209 daAuts
